 Dungeon Crawl Stone Soup version 0.30-a0-1157-g2cc9ac7196 (webtiles) character file.

Game seed: 15174690852816584913

3089 greynaab the Grappler (level 9, -21/84 HPs)
             Began as a Troll Monk on Apr 24, 2023.
             Was a Believer of Nemelex Xobeh.
             Demolished by a two-headed ogre
             ... wielding a +0 giant spiked club
              (31 damage)
             ... on level 8 of the Dungeon.
             The game lasted 00:16:42 (5857 turns).

greynaab the Grappler (Troll Monk)                  Turns: 5857, Time: 00:16:43

Health: -21/84     AC:  5    Str: 21    XL:     9   Next: 59%
Magic:  8/8        EV: 10    Int: 10    God:    Nemelex Xobeh [**....]
Gold:   190        SH:  0    Dex: 12    Spells: 3/8 levels left

rFire   . .          .
                       - Unarmed
rCold   . . .        c - orb {light}
rNeg    + . .        a - +0 robe
rPois   .            (helmet restricted)
rElec   .            n - +0 cloak
rCorr   .            (gloves unavailable)
SInv    .            (boots unavailable)
Will    .....        (no amulet)
Stlth   +            s - ring of positive energy
HPRegen 1.14/turn    O - ring of wizardry
MPRegen 0.11/turn

%: wizardry (x1)
@: lethally poisoned (-21 -> -26), glowing
A: large, unfitting armour, claws 3, regeneration 1, shaggy fur 1, tough skin 1
a: Renounce Religion, Draw Escape, Draw Destruction, Draw Summoning


You were on level 8 of the Dungeon.
You worshipped Nemelex Xobeh.
Nemelex Xobeh was pleased with you.
You visited 2 branches of the dungeon, and saw 9 of its levels.

You collected 477 gold pieces.
You spent 287 gold pieces at shops.

Inventory:

Hand Weapons
 x - a +0 war axe of flaming
Missiles
 e - 18 poisoned darts
 f - 3 javelins
 i - 113 stones (quivered)
 p - 6 datura-tipped darts
 K - 5 silver javelins
Armour
 a - a +0 robe (worn)
 c - an orb of light (worn)
 n - a +0 cloak (worn)
 q - a +0 tower shield
 w - the +0 robe "Qoafaf" {+Blink rF- Archmagi}
   (You found it on level 4 of the Dungeon)

   rF:        It makes you vulnerable to fire.
   +Blink:    It lets you blink.
   Archmagi:  It increases the power of your magical spells.
 T - a +2 kite shield of reflection
Jewellery
 g - a ring of positive energy
 s - a ring of positive energy (left claw)
 N - a ring of protection from cold
 O - a ring of wizardry (right claw)
 R - a ring of flight
Wands
 Q - a wand of iceblast (9)
Scrolls
 d - 7 scrolls of teleportation {unknown}
 o - a scroll of vulnerability
 t - a scroll of poison
 v - a scroll of summoning {unknown}
 y - 3 scrolls of enchant weapon {unknown}
 A - a scroll of enchant armour {unknown}
 B - a scroll of torment {unknown}
 C - a scroll of blinking {unknown}
 G - a scroll of identify
 I - a scroll of fear {unknown}
 J - a scroll of noise {unknown}
 L - a scroll of amnesia {unknown}
 M - a scroll of fog {unknown}
 P - a scroll of magic mapping {unknown}
 S - a scroll of acquirement {unknown}
Potions
 b - a potion of ambrosia
 h - 6 potions of brilliance {unknown}
 j - a potion of attraction
 k - 2 potions of curing
 l - a potion of heal wounds {unknown}
 m - 2 potions of degeneration {unknown}
 r - 3 potions of magic {unknown}
 u - a potion of flight {unknown}
 z - 3 potions of might {unknown}
 D - 2 potions of lignification {unknown}
 E - a potion of cancellation {unknown}
 F - a potion of mutation {unknown}
 H - a potion of experience {unknown}


   Skills:
 - Level 3.8 Fighting
 * Level 5.9 Throwing
 - Level 2.4 Dodging
 + Level 4.7 Shields
 - Level 9.4 Unarmed Combat
 + Level 2.7 Poison Magic


You had 3 spell levels left.
You knew the following spells:

 Your Spells              Type           Power      Damage    Failure   Level
a - Mephitic Cloud        Conj/Pois/Air  1%         N/A       30%         3
b - Poisonous Vapours     Pois/Air       4%         N/A       13%         2

Your spell library contained the following spells:

 Spells                   Type           Power      Damage    Failure   Level
 Foxfire                  Conj/Fire      0%         2x1d4     16%         1
 Ensorcelled Hibernation  Hex/Ice        0%         N/A       22%         2
 Lesser Beckoning         Tloc           0%         N/A       22%         2
 Momentum Strike          Conj/Tloc      0%         3d8       22%         2
 Spider Form              Tmut/Pois      2%         N/A       26%         3
 Gell's Gravitas          Tloc           0%         N/A       41%         3
 Teleport Other           Tloc           0%         N/A       41%         3
 Anguish                  Hex/Necr       0%         N/A       80%         4
 Freezing Cloud           Conj/Ice/Air   0%         6-21      98%         5
 Irradiate                Conj/Tmut      0%         3d11      98%         5


Dungeon Overview and Level Annotations

Branches:
Dungeon (8/15) Zot: 26690  Temple (1/1) D:7 Zot: 5783
   Lair: D:8-11

Altars:
Ashenzari
Cheibriados
Dithmenos
Elyvilon
Fedhas
Gozag
Hepliaklqana
Kikubaaqudgha
Makhleb
Nemelex Xobeh
Okawaru
Qazlal
Ru
Sif Muna
Trog
Uskayaw
Vehumet
Wu Jian
Yredelemnul
Zin
The Shining One

Shops:
D:3 [   D:7 [


Innate Abilities, Weirdness & Mutations

You are too large for most types of armour.
You have claws for hands.
Your natural rate of healing is unusually fast.
You are covered in fur. (AC +1)
You have tough skin. (AC +1)


Message History

Your ice beast hits the two-headed ogre.
Your ice beast freezes the two-headed ogre!
Your raiju bursts into living lightning!
The living lightning hits the hornet!!
The hornet dies!
Your raiju blinks!
The water moccasin closely misses you.
You claw the water moccasin!
The water moccasin is moderately wounded.
You feel very sick. The water moccasin bites you.
The two-headed ogre hits your ice beast with a +0 giant spiked club!!
Your ice beast dies!
Your ice beast disappears in a puff of smoke!
Your basilisk barely misses the water moccasin.
You barely miss the water moccasin.
The water moccasin is moderately wounded.
You feel sick. The water moccasin bites you!
You are more poisoned.
The water moccasin poisons you!
Your basilisk bites the water moccasin.
The water moccasin bites you!
Unknown command.
You draw a card...
You have drawn Wild Magic.
The acid dragon is caught in an explosion of flying shrapnel.
The water moccasin seems frightened for a moment.
The water moccasin is drained!
The two-headed ogre shivers with cold.
You feel a surge of magic.
You feel yourself speed up.
You feel very sick. The water moccasin closely misses you.
Your raiju bites the water moccasin.
Your raiju shocks the water moccasin!
The water moccasin dies!
Your basilisk bites the acid dragon but does no damage.
The acid dragon spits acid at you. The splash of acid hits you!!
* * * LOW HITPOINT WARNING * * *
The two-headed ogre barely misses you.
The two-headed ogre hits you with a +0 giant club!!
You die...
Your body glows with a rainbow of weird colours and disappears.

....... #. ......y ####.
....... #..###### #....
....... #[.....###.##.
..<....##########.#...##.
#.........#######...####.
######.##............###.
##..OD....#####.....##
#..).@lh.## ####..##
#.........# ##...
...#...<...# ########.
..###.......# #........
.. ........... .........
###.......### ...>.....
#........ .........
#.).....## #........
#........


You could see a two-headed ogre, an acid dragon (catching breath, ally target),
a friendly raiju (summoned) and a friendly basilisk (summoned).

Vanquished Creatures
  2 water moccasins (D:7)
  An ice beast (D:5)
  An orc warrior (D:8)
  2 sky beasts
  3 black bears (D:6)
  2 phantoms (D:4)
  2 kobold brigands
  2 bullfrogs
  2 scorpions
  5 wights
  4 killer bees (D:8)
  3 howler monkeys
  6 hounds
  2 jellies
  A gnoll bouda (D:6)
  5 orc priests
  4 iguanas
  5 orc wizards
  6 gnolls
  3 adders
  2 white imps (D:6)
  An ufetubus (D:5)
  A worm (D:4)
  A dart slug (D:1)
  19 orcs
  10 ball pythons
  6 endoplasms
  2 giant cockroaches
  9 goblins
  8 hobgoblins
  A jackal (D:5)
  19 kobolds
  3 quokkas
  5 bats
  2 frilled lizards
  10 rats
160 creatures vanquished.

Vanquished Creatures (collateral kills)
  A hornet (D:8)
  A water moccasin (D:8)
  2 killer bees (D:8)
4 creatures vanquished.

Grand Total: 164 creatures vanquished

Notes
Turn   | Place    | Note
-------+----------+-------------------------------------------
     0 | D:1      | greynaab the Troll Monk began the quest for the Orb.
     0 | D:1      | Reached XP level 1. HP: 22/22 MP: 0/0
   159 | D:1      | Reached XP level 2. HP: 29/29 MP: 1/1
   268 | D:1      | Reached skill level 4 in Unarmed Combat
   483 | D:1      | Reached XP level 3. HP: 36/36 MP: 2/2
  1444 | D:3      | Found Mimyaj's Antique Armour Shop.
  1447 | D:3      | Bought a kite shield for 130 gold pieces
  1664 | D:3      | Reached XP level 4. HP: 44/44 MP: 3/3
  1764 | D:3      | Reached skill level 5 in Unarmed Combat
  1783 | D:3      | Got Faleiq's Atlas of Injury
  2052 | D:4      | Reached XP level 5. HP: 32/50 MP: 4/4
  2144 | D:4      | Noticed a phantom
  2157 | D:4      | Reached skill level 6 in Unarmed Combat
  2165 | D:4      | Killed a phantom
  2262 | D:4      | Noticed a phantom
  2289 | D:4      | Killed a phantom
  2290 | D:4      | Reached skill level 7 in Unarmed Combat
  2290 | D:4      | Reached XP level 6. HP: 56/59 MP: 5/5
  2359 | D:4      | Identified the +0 robe "Qoafaf" {+Blink rF- Archmagi}
  2834 | D:5      | Entered Level 5 of the Dungeon
  3017 | D:5      | Reached skill level 8 in Unarmed Combat
  3017 | D:5      | Reached XP level 7. HP: 66/66 MP: 6/6
  3185 | D:5      | Reached skill level 1 in Shields
  4065 | D:6      | Reached XP level 8. HP: 70/75 MP: 5/7
  4179 | D:6      | Reached skill level 1 in Throwing
  4279 | D:6      | Reached skill level 9 in Unarmed Combat
  4634 | D:6      | Learned a level 3 spell: Mephitic Cloud
  4637 | D:6      | Learned a level 2 spell: Poisonous Vapours
  4784 | D:7      | Reached skill level 1 in Poison Magic
  4830 | D:7      | Found a staircase to the Ecumenical Temple.
  4834 | D:7      | Found an iron altar of Okawaru.
  4865 | Temple   | Entered the Ecumenical Temple
  5071 | Temple   | Became a worshipper of Nemelex Xobeh the Trickster
  5071 | Temple   | Reached * piety under Nemelex Xobeh
  5071 | Temple   | Received a gift from Nemelex Xobeh
  5071 | Temple   | Reached ** piety under Nemelex Xobeh
  5107 | D:7      | Reached XP level 9. HP: 71/84 MP: 8/8
  5131 | D:7      | Found Wezxit's Antique Armour Shop.
  5131 | D:7      | Received a gift from Nemelex Xobeh
  5136 | D:7      | Bought a glowing kite shield for 157 gold pieces
  5160 | D:7      | Identified the +1 spear "Feulos" {flame, Int+3}
  5562 | D:8      | Reached skill level 5 in Throwing
  5846 | D:8      | Noticed a two-headed ogre
  5857 | D:8      | Demolished by a two-headed ogre

Illustrated notes

Levels and vault maps discovered:
D:1:      dpeg_arrival_short_road, layout_basic
D:2:      layout_basic
D:3:      layout_loops_ring, serial_shops, nicolae_shop_window_shopping,
          kennysheep_generic_room_16
D:4:      layout_cave_pods, kennysheep_generic_room_9
D:5:      layout_cave_pods, minmay_chambers_of_fives
D:6:      layout_basic, kennysheep_generic_room_6
D:7:      layout_cave_pools, okawaru_trees_1, minmay_temple_entry_grid,
          serial_shops, shop
D:8:      layout_rooms, uniq_pikel
Temple:   nicolae_temple_bog_church

Skill      XL: |  1  2  3  4  5  6  7  8  9 |
---------------+----------------------------+-----
Unarmed Combat | 4 5 7 8 9 |  9.4
Shields        | 2 3 4 |  4.7
Fighting       | 3 |  3.8
Throwing       | 4 5 |  5.9
Poison Magic   | 1 2 |  2.7
Dodging        | |  2.4

Action                     |  1- 3 |  4- 6 |  7- 9 || total
---------------------------+-------+-------+-------++-------
  Melee: Unarmed           |    90 |    86 |   201 ||   377
  Throw: Stone             |       |       |     6 ||     6
 Invoke: Draw Summoning    |       |       |     2 ||     2
         Draw Destruction  |       |       |     1 ||     1
  Evoke: Wand              |       |       |     1 ||     1
    Use: Scroll            |     4 |       |     1 ||     5
         Potion            |       |     1 |     3 ||     4
 Armour: Robe              |    24 |    18 |    41 ||    83
  Dodge: Dodged            |    35 |    36 |    86 ||   157

Table legend: (Time is in decaauts)
 A = Elapsed time spent in this place.
 B = Non-inter-level travel time spent in this place.
 C = Inter-level travel time spent in this place.
 D = Time resting spent in this place.
 E = Time spent auto-exploring this place.
 F = Levels seen in this place.
 G = Mean time per level.
                   A        B        C        D        E       F      G
               +--------+--------+--------+--------+--------+-----+--------+
         Total |   5768 |   5492 |    276 |    318 |   4125 |   9 |  640.9 |
       Dungeon |   5551 |   5315 |    236 |    318 |   3963 |   8 |  693.9 |
        Temple |    216 |    176 |     40 |      0 |    162 |   1 |  216.0 |
               +--------+--------+--------+--------+--------+-----+--------+

Top non-repeatable levels by time:
     D:5: 959 daAuts
     D:6: 913 daAuts
     D:1: 864 daAuts
     D:4: 856 daAuts
     D:3: 662 daAuts
     D:7: 572 daAuts
     D:2: 415 daAuts
     D:8: 307 daAuts
  Temple: 216 daAuts
